 Dungeon Crawl Stone Soup version 0.26-a0-778-g3fe0686644 (webtiles) character file.

Game seed: 7283819564923299889

74681 marklar909 the Destroyer (level 15, -28/124 HPs)
             Began as a Black Draconian Conjurer on Nov 10, 2020.
             Was a High Priest of Sif Muna.
             Annihilated by a large slime creature (30 damage)
             ... on level 12 of the Dungeon.
             The game lasted 01:23:24 (43412 turns).

marklar909 the Destroyer (DrCj)                    Turns: 43412, Time: 01:23:25

Health: -28/124    AC: 18    Str: 14    XL:     15   Next: 7%
Magic:  0/29       EV: 16    Int: 23    God:    Sif Muna [*****.]
Gold:   2261       SH: 12    Dex: 10    Spells: 14/35 levels left

rFire    + . .     SeeInvis +   P - staff of conjuration
rCold    . . .     Faith    +   K - +1 kite shield {reflect}
rNeg     . . .     Spirit   .   (armour unavailable)
rPois    .         Reflect  +   B - +2 hat {Int+3}
rElec    +         Harm     .   v - +1 cloak
rCorr    +         Rampage  .   p - +1 pair of gloves
MR       +....                  L - +2 pair of boots
Stlth    ++++......             h - amulet of faith
HPRegen  0.30/turn              b - ring of resist corrosion
MPRegen  0.21/turn              g - ring of protection from fire

@: flying, lightly drained
A: breathe lightning, unfitting armour, big wings, camouflage 1, see invisible,
electricity resistance, cold-blooded, AC +9
a: Breathe Lightning, Stop Flying, Channel Magic, Forget Spell, Divine Exegesis,
Renounce Religion


You were on level 12 of the Dungeon.
You worshipped Sif Muna.
Sif Muna was extremely pleased with you.
You visited 4 branches of the dungeon, and saw 22 of its levels.

You collected 2522 gold pieces.
You spent 261 gold pieces at shops.

Inventory:

Armour
 p - a +1 pair of gloves (worn)
 v - a +1 cloak (worn)
 B - a +2 hat of intelligence (worn)
 K - a +1 kite shield of reflection (worn)
 L - a +2 pair of boots (worn)
Magical Staves
 P - an uncursed staff of conjuration (weapon)
Jewellery
 b - a ring of resist corrosion (left hand)
 g - a ring of protection from fire (right hand)
 h - an amulet of faith (around neck)
 l - a +6 ring of strength
 C - a cursed amulet of inaccuracy {unknown}
 F - an uncursed amulet of the acrobat {unknown}
 O - an uncursed amulet of regeneration {unknown}
 Q - the amulet of Recklessness {Acrobat Dex+5, unknown}
   (You found it on level 3 of the Lair of Beasts)

   [amulet of the acrobat]

   It helps you evade while moving and waiting.
   It affects your dexterity (+5).
 T - an uncursed amulet of regeneration {unknown}
 U - the amulet "Doeh" {Inacc Str+4 Stlth+, unknown}
   (You found it on level 6 of the Lair of Beasts)

   [amulet of inaccuracy]

   It reduces the accuracy of all your attacks.
   It affects your strength (+4).
   It makes you more stealthy.
Wands
 n - a wand of flame (24)
 J - a wand of polymorph (8)
 M - a wand of digging (9)
 N - a wand of disintegration (11)
 S - a wand of enslavement (11)
 V - a wand of random effects (42)
Scrolls
 a - 7 scrolls of fear
 e - 4 scrolls of magic mapping
 i - 10 scrolls of identify
 m - 5 scrolls of teleportation
 s - 6 scrolls of remove curse
 w - 4 scrolls of immolation
 y - 2 scrolls of summoning
 D - a scroll of enchant weapon
 E - 3 scrolls of blinking
 G - 4 scrolls of amnesia
 H - 6 scrolls of fog
 W - a scroll of acquirement
Potions
 c - 3 potions of might
 d - 2 potions of ambrosia
 f - 3 potions of magic
 j - 3 potions of haste
 k - 6 potions of mutation
 o - 2 potions of attraction
 q - 3 potions of resistance
 t - 8 potions of curing
 u - a potion of brilliance
 x - 2 potions of heal wounds
 z - 3 potions of flight
 A - a potion of cancellation
 I - 4 potions of lignification
 R - 2 potions of berserk rage


   Skills:
 + Level 9.3(8.9) Fighting
 + Level 3.5(3.2) Staves
 + Level 11.3(11.0) Dodging
 + Level 5.2(4.9) Stealth
 + Level 9.9(9.5) Shields
 + Level 0.9(0.7) Unarmed Combat
 + Level 10.5(10.1) Spellcasting
 * Level 12.4(12.0) Conjurations
 + Level 0.3(0.0) Hexes
 + Level 4.0(3.7) Translocations
 * Level 11.3(10.9) Air Magic
 + Level 3.9(3.6) Evocations


You had 14 spell levels left.
You knew the following spells:

 Your Spells              Type           Power        Failure   Level
a - Magic Dart            Conj           ####         1%          1
b - Searing Ray           Conj           ######       1%          2
c - Dazzling Flash        Conj/Hex       ######       2%          3
d - Blink                 Tloc           N/A          3%          2
e - Airstrike             Air            ######....   1%          4
f - Iskenderun's Mystic   Conj/Tloc      ######..     4%          4
g - Lightning Bolt        Conj/Air       #######...   2%          5

Your spell library contained the following spells:

 Spells                   Type           Power        Failure   Level
 Foxfire                  Conj/Fire      ####         1%          1
 Shock                    Conj/Air       ####         1%          1
 Poisonous Vapours        Pois/Air       #####.       1%          2
 Swiftness                Air            ######..     1%          2
 Mephitic Cloud           Conj/Pois/Air  ######..     1%          3
 Static Discharge         Conj/Air       #######.     1%          3
 Conjure Flame            Conj/Fire      ######..     2%          3
 Stone Arrow              Conj/Erth      ######       2%          3
 Iskenderun's Battlesphe  Conj           #######.     2%          5
 Fulminant Prism          Conj/Hex       ######....   9%          4
 Hailstorm                Conj/Ice       ######..     10%         4
 Sticky Flame             Conj/Fire      ######..     10%         4
 Corona                   Hex            ##.....      11%         1
 Sandblast                Erth           ##....       11%         1
 Sting                    Tmut/Pois      ##..         11%         1
 Summon Small Mammal      Summ           ##..         11%         1
 Portal Projectile        Hex/Tloc       ###...       16%         3
 Call Imp                 Summ           ##......     17%         2
 Ensorcelled Hibernation  Hex/Ice        ##....       17%         2
 Passwall                 Tmut/Erth      ##......     17%         2
 Slow                     Hex            ##......     17%         2
 Fireball                 Conj/Fire      ######....   26%         5
 Frozen Ramparts          Ice            ##....       32%         3
 Ignite Poison            Fire/Tmut/Pois ##......     32%         3
 Inner Flame              Hex/Fire       ##......     32%         3
 Tukima's Dance           Hex            ##......     32%         3
 Vampiric Draining        Necr           ##........   32%         3
 Silence                  Hex/Air        #####.....   32%         5
 Bolt of Magma            Conj/Fire/Erth #####.....   52%         5
 Orb of Destruction       Conj           #######...   54%         7
 Cause Fear               Hex            ##........   73%         4
 Leda's Liquefaction      Hex/Erth       ##........   73%         4
 Olgreb's Toxic Radiance  Pois           ##......     73%         4
 Petrify                  Tmut/Erth      ##......     73%         4
 Iron Shot                Conj/Erth      ######....   82%         6
 Starburst                Conj/Fire      ######....   82%         6
 Lee's Rapid Deconstruct  Erth           ##........   97%         5
 Spellforged Servitor     Conj/Summ      ######....   100%        7
 Chain Lightning          Conj/Air       #######...   100%        8
 Ignition                 Fire           ##........   100%        8
 Lehudib's Crystal Spear  Conj/Erth      ######....   100%        8
 Dragon's Call            Summ           ##........   100%        9
 Fire Storm               Conj/Fire      ######....   100%        9


Dungeon Overview and Level Annotations

Branches:
Dungeon (13/15)            Temple (1/1) D:4            Lair (6/6) D:10
  Swamp (0/4) Lair:3       Shoals (0/4) Lair:2        Slime (0/5) Lair:6
    Orc (2/2) D:9             Elf (0/3) Orc:2
  Snake: Lair:2-4    Spider: Lair:2-4    Vaults: D:13-14

Altars:
Ashenzari
Cheibriados
Dithmenos
Elyvilon
Fedhas
Gozag
Hepliaklqana
Kikubaaqudgha
Makhleb
Nemelex Xobeh
Okawaru
Qazlal
Ru
Sif Muna
Trog
Uskayaw
Vehumet
Wu Jian
Xom
Yredelemnul
Zin
The Shining One

Shops:
D:4 (?!   D:8 *   D:9 ?   Orc:2 ([*!

Portals:
Trove: D:11 (give +7 demon trident)

Annotations:
Lair:1 exclusion: 3 oklob plants
Lair:4 Rupert


Innate Abilities, Weirdness & Mutations

You can breathe wild blasts of lightning.
Your glossy black scales are hard. (AC +9)
You cannot fit into any form of body armour.
Your large and strong wings let you fly indefinitely.
You are resistant to electric shocks. (rElec)
You are cold-blooded and may be slowed by cold attacks.
Your skin changes colour to match your surroundings (Stealth+).
You have supernaturally acute eyesight. (SInv)


Message History

Casting: Searing Ray (safe; 1% risk of failure)
Confirm with . or Enter, or press ? or * to list all spells.
Aiming: Searing Ray (safe; 1% risk of failure)
Press: ? - help, Shift-Dir - straight line, f/p - large slime creature
Aim: a large slime creature (severely wounded)
You feel a surge of power!
The searing ray hits the large slime creature!
The large slime creature is severely wounded. (Press . to maintain the ray.)
The large slime creature closely misses you.
The searing ray hits the large slime creature!
The large slime creature is almost dead.
You block the large slime creature's attack.
The searing ray hits the large slime creature!
The large slime creature is almost dead.
The large slime creature hits you!!!
* * * LOW HITPOINT WARNING * * *
Without enough magic to sustain it, your searing ray dissipates.
The large slime creature hits you!!
You die...

#.# #.# #####.#
#.# .)....# #.#
.###### #.# ..#
#.# ..##### #.#
......# #.#
...##.# #J#
#..##.# #@#
#..##.# #.#
#..##.# #.#
#..##.# #(#
#####.# #.# # #.#
#.# # #.# #.# #
#.# #.#
#####.##########.#


You could see a large slime creature.

Vanquished Creatures
  An orc warlord (Orc:2)
  An ettin (Orc:1)
  2 fire dragons (Lair:6)
  Erolcha (D:11)
  2 boulder beetles
  10 hydras
  A catoblepas (Lair:2)
  3 two-headed ogres
  3 orc high priests (Orc:2)
  Sonja (D:11)
  4 lindwurms
  A cyclops (D:12)
  2 wolf spiders (Lair:6)
  4 orc sorcerers (Orc:2)
  4 orc knights (Orc:2)
  3 ugly things
  A manticore (D:12)
  8 black mambas
  14 elephants
  A guardian serpent (Lair:6)
  5 torpor snails (Lair:6)
  A gargoyle (D:12)
  19 cane toads
  6 rime drakes (Lair:6)
  A freezing wraith (D:12)
  5 komodo dragons
  3 polar bears
  7 trolls
  4 tyrant leeches
  8 hornets (Lair:6)
  5 slime creatures
  2 blink frogs (Lair:3)
  2 redbacks (Lair:6)
  A wraith (D:11)
  A shadow (D:12)
  10 wyverns
  4 basilisks
  39 yaks
  11 steam dragons
  A vampire mosquito (D:12)
  3 swamp worms (Lair:3)
  7 wargs (Orc:1)
  17 water moccasins
  5 black bears
  34 orc warriors
  4 phantoms
  A sky beast (D:6)
  4 ice beasts
  2 eyes of draining (D:12)
  11 ogres
  3 necrophages
  22 wolves
  5 centaurs
  7 big kobolds
  Blork the orc (D:6)
  22 bullfrogs
  7 gnoll sergeants
  A wyvern skeleton (D:8)
  A scorpion (D:10)
  7 killer bees
  2 wights
  3 howler monkeys (D:8)
  2 electric eels (D:9)
  3 bullfrog zombies
  3 jellies
  2 bullfrog skeletons (D:11)
  A centaur skeleton (D:9)
  12 orc priests
  A gnoll shaman (D:7)
  8 hounds
  Terence (D:2)
  4 worker ants
  3 iguanas
  26 orc wizards
  Ijyb (D:3)
  A killer bee zombie (D:5)
  A hound zombie (D:6)
  4 hound skeletons
  A worker ant zombie (D:5)
  18 gnolls
  8 adders
  3 shadow imps
  4 ufetubi
  3 oozes
  6 worms
  4 dart slugs
  4 leopard geckos
  77 orcs
  3 giant cockroaches
  7 goblins
  5 hobgoblins
  13 jackals
  47 kobolds
  4 quokkas
  A ball python (D:1)
  5 bats
  2 frilled lizards (D:3)
  A quokka zombie (D:10)
  6 rats
666 creatures vanquished.

Vanquished Creatures (others)
  A wolf (Lair:6)
  2 orcs (Orc:2)
  A bush (Lair:5)
  64 fungi
  192 plants
260 creatures vanquished.

Grand Total: 926 creatures vanquished

Notes
Turn   | Place    | Note
-------+----------+-------------------------------------------
     0 | D:1      | marklar909 the Draconian Conjurer began the quest for the
                  | Orb.
     0 | D:1      | Reached XP level 1. HP: 14/14 MP: 3/3
   434 | D:1      | Reached XP level 2. HP: 6/20 MP: 0/5
  1208 | D:1      | Reached XP level 3. HP: 19/26 MP: 0/6
  1514 | D:1      | Learned a level 2 spell: Searing Ray
  2418 | D:2      | Noticed Terence
  2724 | D:2      | Reached XP level 4. HP: 23/34 MP: 3/8
  3047 | D:3      | Noticed Ijyb
  3116 | D:2      | Gained mutation: Your skin changes colour to match your
                  | surroundings (Stealth+). [potion of mutation]
  3116 | D:2      | Gained mutation: You have supernaturally acute eyesight.
                  | (SInv) [potion of mutation]
  3897 | D:3      | Killed Ijyb
  4084 | D:3      | Found a blossoming altar of Fedhas.
  4199 | D:3      | Reached XP level 5. HP: 39/39 MP: 6/9
  4511 | D:4      | Found Xosoxy's Magic Scroll Boutique.
  4518 | D:4      | Bought a scroll of teleportation for 39 gold pieces
  4518 | D:4      | Bought a scroll of remove curse for 39 gold pieces
  4518 | D:4      | Bought a scroll of identify for 26 gold pieces
  4548 | D:4      | Found a staircase to the Ecumenical Temple.
  4562 | D:4      | Reached skill level 5 in Conjurations
  4566 | D:4      | Noticed an ogre
  4567 | Temple   | Entered the Ecumenical Temple
  4900 | Temple   | Became a worshipper of Sif Muna the Loreminder
  4931 | D:4      | Reached skill level 1 in Fighting
  5017 | D:4      | Killed an ogre
  5017 | D:4      | Reached XP level 6. HP: 42/47 MP: 6/11
  5666 | D:4      | Found Diledoho's Distillery.
  5854 | D:4      | Found Ociarir's Weapon Shoppe.
  5920 | D:4      | Reached * piety under Sif Muna
  6508 | D:4      | Your scales start taking on a glossy black colour.
  6508 | D:4      | Reached XP level 7. HP: 55/55 MP: 5/13
  6508 | D:4      | Gained mutation: You are resistant to electric shocks.
                  | (rElec) [Black Draconian growth]
  6675 | D:4      | Learned a level 3 spell: Dazzling Flash
  6824 | D:2      | Killed Terence
  6941 | D:5      | Entered Level 5 of the Dungeon
  6986 | D:5      | Reached skill level 1 in Staves
  7139 | D:5      | Found a shadowy altar of Dithmenos.
  7780 | D:5      | Reached ** piety under Sif Muna
  7974 | D:5      | Reached XP level 8. HP: 57/63 MP: 10/15
  8237 | D:5      | Reached skill level 6 in Conjurations
  8472 | D:6      | Noticed Blork the orc
  8831 | D:6      | Killed Blork the orc
  8880 | D:6      | Reached skill level 5 in Spellcasting
  9020 | D:6      | Found a shadowy altar of Dithmenos.
  9498 | D:6      | Learned a level 2 spell: Blink
  9515 | D:7      | Reached skill level 5 in Dodging
  9977 | D:7      | Noticed an air elemental
 10002 | D:7      | Found a stormy altar of Qazlal.
 10498 | D:7      | Reached *** piety under Sif Muna
 10500 | D:7      | Reached XP level 9. HP: 59/72 MP: 7/17
 10762 | D:7      | Reached skill level 7 in Conjurations
 11068 | D:7      | Reached skill level 5 in Fighting
 12041 | D:8      | Found Luak's Assorted Antiques.
 12045 | D:8      | Bought a scroll labeled BOGRONAWAMN for 23 gold pieces
 12045 | D:8      | Bought a scroll labeled UNORPH VOKLAW for 23 gold pieces
 12045 | D:8      | Bought a scroll labeled BOGRONAWAMN for 23 gold pieces
 12187 | D:8      | Learned a level 4 spell: Airstrike
 12236 | D:9      | Noticed a two-headed ogre
 12336 | D:9      | Noticed a troll
 13128 | D:9      | Noticed a troll
 13142 | D:8      | Reached skill level 1 in Shields
 13704 | D:8      | Killed a troll
 13704 | D:8      | Reached skill level 1 in Air Magic
 13745 | D:8      | HP: 1/75 [troll (10)]
 14112 | D:7      | Killed a troll
 14331 | D:8      | Killed a two-headed ogre
 14331 | D:8      | Reached **** piety under Sif Muna
 14331 | D:8      | Reached XP level 10. HP: 66/83 MP: 10/19
 14413 | D:8      | Learned a level 4 spell: Iskenderun's Mystic Blast
 14419 | D:8      | Learned a level 5 spell: Lightning Bolt
 14533 | D:8      | Reached skill level 1 in Evocations
 15446 | D:9      | Found Reotioh's Magic Scroll Boutique.
 15457 | D:9      | Bought a scroll of amnesia for 56 gold pieces
 15457 | D:9      | Bought a scroll of fog for 32 gold pieces
 15936 | D:9      | Reached skill level 5 in Air Magic
 16059 | D:9      | Reached ***** piety under Sif Muna
 16395 | D:9      | Received a gift from Sif Muna
 16684 | D:9      | Reached XP level 11. HP: 33/92 MP: 9/21
 16925 | D:9      | Found a staircase to the Orcish Mines.
 16981 | D:10     | Entered Level 10 of the Dungeon
 17965 | D:10     | Found a radiant altar of Vehumet.
 18166 | D:10     | Identified the +7 rapier "Suosar" {vorpal, rF+}
 18356 | D:10     | Found a staircase to the Lair.
 18647 | D:10     | Identified a scroll of acquirement
 18647 | D:10     | Acquired a +2 hat of intelligence
 18875 | D:11     | Noticed a purple ugly thing
 18887 | D:11     | Killed a purple ugly thing
 19137 | D:11     | Found a portal to a secret trove of treasure.
 19235 | D:11     | Noticed Sonja
 19243 | D:11     | Killed Sonja
 19433 | D:11     | Noticed Erolcha
 19445 | D:11     | Killed Erolcha
 19445 | D:11     | Reached skill level 8 in Conjurations
 20385 | D:12     | Reached skill level 1 in Translocations
 20592 | D:12     | Noticed a two-headed ogre
 20592 | D:12     | Noticed a two-headed ogre
 20606 | D:12     | Killed a two-headed ogre
 20610 | D:12     | Killed a two-headed ogre
 20927 | D:12     | Identified Sif Muna's Catalogue of Enchantment and Calling
                  | (Sif Muna gifted it to you on level 12 of the Dungeon)
 20927 | D:12     | Received a gift from Sif Muna
 21320 | D:12     | Noticed a seven-headed hydra
 21502 | D:12     | Noticed a red ugly thing
 21919 | D:12     | Killed a red ugly thing
 22060 | D:12     | Noticed a red ugly thing
 22068 | D:12     | Killed a red ugly thing
 22079 | D:12     | Identified the Catalogue of Supportive Battle Magic
 22328 | D:12     | Found a stormy altar of Qazlal.
 22400 | D:12     | Killed a seven-headed hydra
 22400 | D:12     | Reached skill level 5 in Stealth
 22400 | D:12     | Reached XP level 12. HP: 52/102 MP: 14/23
 22441 | D:12     | Reached skill level 5 in Shields
 23752 | Lair:1   | Entered Level 1 of the Lair of Beasts
 24090 | Lair:1   | Reached skill level 10 in Dodging
 25682 | Lair:2   | Reached skill level 9 in Conjurations
 25918 | Lair:2   | Noticed a catoblepas
 25938 | Lair:2   | Killed a catoblepas
 26153 | Lair:2   | Noticed a six-headed hydra
 26167 | Lair:2   | Killed a six-headed hydra
 26422 | Lair:2   | Found a staircase to the Shoals.
 27623 | Lair:3   | Noticed a five-headed hydra
 27863 | Lair:3   | Got a heavily runed iron amulet
 27916 | Lair:3   | Killed a five-headed hydra
 28097 | Lair:3   | Noticed a seven-headed hydra
 28217 | Lair:3   | Reached XP level 13. HP: 87/110 MP: 19/25
 28634 | Lair:3   | Reached skill level 10 in Conjurations
 30559 | Lair:3   | Found a staircase to the Swamp.
 31026 | Lair:4   | Noticed Rupert
 31035 | Lair:4   | Paralysed by Rupert for 3 turns
 31116 | Lair:5   | Identified Sif Muna's Magic in Simple Steps (Sif Muna
                  | gifted it to you on level 5 of the Lair of Beasts)
 31116 | Lair:5   | Received a gift from Sif Muna
 32436 | Lair:5   | Reached skill level 11 in Conjurations
 32922 | Lair:6   | Entered Level 6 of the Lair of Beasts
 33668 | Lair:6   | Found a staircase to the Slime Pits.
 34028 | Lair:6   | Gained mutation: Your large and strong wings let you fly
                  | indefinitely. [Black Draconian growth]
 34028 | Lair:6   | Reached XP level 14. HP: 92/118 MP: 10/27
 34209 | Lair:6   | Identified Sif Muna's Almanac of Flames (Sif Muna gifted it
                  | to you on level 6 of the Lair of Beasts)
 34209 | Lair:6   | Received a gift from Sif Muna
 35094 | Lair:6   | Found a runed translucent door.
 35572 | Lair:6   | Reached skill level 10 in Air Magic
 36266 | Lair:6   | Reached skill level 10 in Spellcasting
 37643 | Lair:6   | Paralysed by a hornet for 1 turns
 37704 | Lair:6   | Paralysed by a hornet for 2 turns
 37878 | Lair:6   | Paralysed by a hornet for 3 turns
 38336 | Lair:6   | Got a heavily runed ivory amulet
 38414 | Lair:6   | Received a gift from Sif Muna
 38953 | Orc:1    | Entered Level 1 of the Orcish Mines
 39068 | Orc:1    | Reached skill level 12 in Conjurations
 40051 | Orc:2    | Entered Level 2 of the Orcish Mines
 40074 | Orc:2    | Noticed an orc warlord
 40466 | Orc:2    | Found a staircase to the Elven Halls.
 40474 | Orc:2    | Paralysed by an orc sorcerer for 2 turns
 40860 | Orc:2    | Killed an orc warlord
 41294 | Orc:2    | Identified Sif Muna's Disquisition on Battle Magic and the
                  | Glacier (Sif Muna gifted it to you on level 2 of the Orcish
                  | Mines)
 41294 | Orc:2    | Received a gift from Sif Muna
 42233 | Orc:2    | Reached XP level 15. HP: 98/124 MP: 0/29
 42406 | Orc:2    | Found Jeupron's General Store.
 42406 | Orc:2    | Found Ronuuvat's Distillery.
 42583 | Orc:2    | Found Xeoc's Weapon Boutique.
 42583 | Orc:2    | Found Zisarig's Antique Armour Emporium.
 43411 | D:12     | HP: 2/124 [large slime creature (38)]
 43412 | D:12     | Annihilated by a large slime creature

Illustrated notes

Levels and vault maps discovered:
D:1:      saegor_arrival_simple_a, layout_basic, minmay_misc_feat_roman,
          chequers_serial_rivers_room_b
D:2:      kennysheep_big_flooded_room, layout_basic, uniq_terence
D:3:      layout_rooms, fedhas_altar_2, uniq_ijyb
D:4:      kennysheep_kobold_camp, layout_basic, minmay_temple_entry_trees,
          serial_shops, kennysheep_mini, shop, nicolae_shop_stone
D:5:      layout_cave_pods, serial_glass, glass_columns_c, glass_columns_a,
          basic_altar
D:6:      layout_cave_pods, nicolae_dithmenos_shadow_blocks, uniq_blork_the_orc
D:7:      layout_cave_pools, serial_gnoll_camp, gnoll_camp_huts_basic,
          gnoll_camp_mini_sergeant, gnoll_camp_mini_hut,
          gnoll_camp_mini_doghouse, grunt_ministairs_12,
          minmay_misc_feat_pillars, nicolae_qazlal_style_of_elements
D:8:      layout_basic, serial_shops, nicolae_shop_behind_doors,
          minmay_door_square
D:9:      layout_big_octagon, kennysheep_orc_monster_closet_entryway,
          serial_shops, shop_fountains
D:10:     layout_loops_ring, lair_entry_dummy, basic_altar, billiards_dpeg
D:11:     layout_irregular_city, nicolae_trove_entry_columns, uniq_erolcha,
          uniq_sonja
D:12:     layout_basic, basic_altar, grunt_ministairs_14
D:13:     layout_rooms, serial_shops, shop, grunt_tough_drop
Temple:   nicolae_temple_the_god_donut
Lair:1:   layout_layer_cave, minmay_lair_oklob_chamber
Lair:2:   layout_long_grid, shoals_dummy_entry, nicolae_lair_grove_arrangements
Lair:3:   layout_roguey, palyth_hydra_swamp_entry, minmay_shattered_shrine,
          serial_bayou_shore_b, serial_bayou_shore_b
Lair:4:   layout_cave_pods, minivault_24, grunt_megastairs_2, uniq_rupert
Lair:5:   layout_concentric_octagons, grunt_megastairs_3, lemuel_fruit_tree
Lair:6:   hangedman_lair_tendril_chambers, layout_regular_city, wormcave,
          minmay_slime_entry_pillars, bobbens_dragon_lair_wall
Orc:1:    layout_diamond_mine, enter_bailey_2, mines5_lemuel
Orc:2:    grunt_orc_tribal_feast, layout_caves

Skill      XL: |  1  2  3  4  5  6  7  8  9 10 11 12 13 14 |
---------------+-------------------------------------------+-----
Stealth        | 2 3 4 5 |  5.2
Dodging        | 2 3 4 5 7 8 9 10 11 | 11.3
Spellcasting   | 3 4 5 6 7 8 9 10 | 10.5
Conjurations   | 5 6 7 8 9 11 12 | 12.4
Fighting       | 1 2 3 4 6 7 8 9 |  9.3
Staves         | 1 2 3 |  3.5
Shields        | 2 3 4 6 8 9 |  9.9
Air Magic      | 2 5 6 7 9 11 | 11.3
Evocations     | 1 2 3 |  3.9
Translocations | 1 2 3 4 |  4.0
Unarmed Combat | |  0.9
Hexes          | |  0.3

Action                   |  1- 3 |  4- 6 |  7- 9 | 10-12 | 13-15 || total
-------------------------+-------+-------+-------+-------+-------++-------
Melee: Unarmed           |    46 |    10 |       |       |       ||    56
       Tailslap          |     5 |       |     3 |     5 |    11 ||    24
       Staff             |       |    21 |    45 |    67 |   104 ||   237
       Punch             |       |     1 |     1 |       |       ||     2
 Cast: Magic Dart        |    84 |     4 |    20 |     9 |    48 ||   165
       Searing Ray       |    12 |    43 |    97 |   175 |   252 ||   579
       Dazzling Flash    |       |       |     5 |     4 |     1 ||    10
       Airstrike         |       |       |       |    18 |    24 ||    42
       Lightning Bolt    |       |       |       |    13 |    44 ||    57
       Iskenderun's Myst |       |       |       |    27 |    44 ||    71
       Blink             |       |       |       |     4 |       ||     4
 Abil: Breathe Lightning |       |       |     9 |    15 |    29 ||    53
       Fly               |       |       |       |       |     1 ||     1
Evoke: Wand              |       |       |    18 |    28 |    34 ||    80
  Use: Potion            |       |     3 |       |       |     3 ||     6
       Scroll            |       |     4 |     6 |    14 |     8 ||    32
Armor: Skin              |    30 |    25 |   113 |   170 |   206 ||   544
Dodge: Dodged            |    78 |    64 |   287 |   396 |   406 ||  1231
Block: Kite shield       |       |       |       |   133 |   405 ||   538
       Reflection        |       |       |       |     5 |    29 ||    34

Table legend: (Time is in decaauts)
 A = Elapsed time spent in this place.
 B = Non-inter-level travel time spent in this place.
 C = Inter-level travel time spent in this place.
 D = Time resting spent in this place.
 E = Time spent auto-exploring this place.
 F = Levels seen in this place.
 G = Mean time per level.
                   A        B        C        D        E       F      G
               +--------+--------+--------+--------+--------+-----+--------+
         Total |  43545 |  41380 |   2165 |  11057 |  23739 |  22 | 1979.3 |
       Dungeon |  24304 |  22829 |   1475 |   5982 |  13280 |  13 | 1869.5 |
        Temple |    355 |    306 |     49 |     75 |    211 |   1 |  355.0 |
          Lair |  15196 |  14666 |    530 |   3768 |   8590 |   6 | 2532.7 |
  Orcish Mines |   3688 |   3578 |    110 |   1232 |   1657 |   2 | 1844.0 |
               +--------+--------+--------+--------+--------+-----+--------+

Top non-repeatable levels by time:
  Lair:6: 4634 daAuts
    D:12: 3180 daAuts
  Lair:3: 3056 daAuts
     D:8: 2945 daAuts
  Lair:5: 2867 daAuts
     D:2: 2457 daAuts
     D:7: 2332 daAuts
    D:11: 2247 daAuts
     D:9: 2104 daAuts
  Lair:2: 2030 daAuts
     D:4: 1979 daAuts
    D:10: 1893 daAuts
   Orc:2: 1885 daAuts
  Lair:1: 1882 daAuts
   Orc:1: 1803 daAuts
